 Dungeon Crawl Stone Soup version 0.28.0-53-g5a82cb258f (webtiles) character file.

Game seed: 8945856427287682098

1607 suse60 the Covered (level 8, -6/68 HPs)
             Began as a Demigod Artificer on June 1, 2022.
             Killed from afar by a gargoyle (19 damage)
             ... with a stone arrow
             ... on level 7 of the Dungeon.
             The game lasted 00:33:47 (6149 turns).

suse60 the Covered (Demigod Artificer)              Turns: 6149, Time: 00:33:48

Health: -6/68      AC: 14    Str: 23    XL:     8   Next: 36%
Magic:  3/3        EV: 12    Int: 23    God:
Gold:   255        SH:  0    Dex: 14    Spells: 7/7 levels left

rFire   + . .      SeeInvis .   u - +3 war axe of the Poles {antimagic, rF+ Str+2 Int+4}
rCold   . . .      Faith    .   (no shield)
rNeg    . . .      Spirit   .   z - +0 scale mail
rPois   .          Reflect  .   v - +1 helmet
rElec   .          Harm     .   l - +1 cloak
rCorr   .          Rampage  .   (no gloves)
Will    .....                   i - +1 pair of boots
Stlth   ..........              x - amulet of the acrobat
HPRegen 0.21/turn               h - +6 ring of intelligence
MPRegen 0.08/turn               p - ring of wizardry

@: no status effects
A: high MP 1, forlorn, divine attributes
a: no special abilities


You were on level 7 of the Dungeon.
You visited 1 branch of the dungeon, and saw 7 of its levels.

You collected 405 gold pieces.
You spent 150 gold pieces at shops.

Inventory:

Hand Weapons
 u - the +3 war axe of the Poles (weapon) {antimagic, rF+ Str+2 Int+4}
   (You found it on level 6 of the Dungeon)

   It reduces the magical energy of the wielder, and disrupts the spells and
   magical abilities of those it strikes.
   Natural abilities and divine invocations are not affected.
   Str:       It affects your strength (+2).
   Int:       It affects your intelligence (+4).
   rF:        It protects you from fire.
 y - a +0 battleaxe of flaming
Missiles
 f - 4 poisoned darts
Armour
 i - a +1 pair of boots (worn)
 l - a +1 cloak (worn)
 v - a +1 helmet (worn)
 z - a +0 scale mail (worn)
Jewellery
 h - a +6 ring of intelligence (left hand)
 m - a ring of protection from fire
 p - a ring of wizardry (right hand)
 x - an amulet of the acrobat (around neck)
Wands
 b - a wand of iceblast (7)
 c - a wand of flame (8) (quivered)
 d - a wand of charming (24)
 r - a wand of mindburst (8)
Scrolls
 a - 2 scrolls of enchant armour
 o - a scroll of enchant weapon {unknown}
 t - a scroll of fear
 C - a scroll of identify
 D - a scroll of holy word {unknown}
Potions
 e - a potion of flight {unknown}
 g - 3 potions of attraction {unknown}
 j - 2 potions of heal wounds
 k - 3 potions of cancellation {unknown}
 n - 3 potions of brilliance
 q - 3 potions of curing {unknown}
 s - a potion of ambrosia {unknown}
 w - 2 potions of might {unknown}
 A - a potion of magic {unknown}
 B - a potion of lignification {unknown}


   Skills:
 + Level 5.0 Fighting
 + Level 4.3(4.5) Axes
 - Level 1.7(3.2) Maces & Flails
 + Level 5.2 Armour
 + Level 4.9 Dodging
 - Level 0.8 Stealth
 - Level 2.6 Evocations


You had 7 spell levels left.
You didn't know any spells.
Your spell library contained the following spells:

 Spells                   Type           Power      Damage    Failure   Level
 Beastly Appendage        Tmut           0%         N/A       16%         1
 Wereblood                Tmut           0%         N/A       22%         2
 Spider Form              Tmut/Pois      0%         N/A       38%         3
 Blade Hands              Tmut           0%         N/A       98%         5
 Irradiate                Conj/Tmut      0%         3d13      98%         5
 Dragon Form              Tmut           0%         N/A       100%        7


Dungeon Overview and Level Annotations

Branches:
Dungeon (7/15)             Temple (0/1) D:4

Shops:
D:2 :   D:5 (


Innate Abilities, Weirdness & Mutations

You have an increased reservoir of magic. (+10% MP)
You shall have no god before yourself.
Your divine heritage dramatically boosts your attributes as you level up.


Message History

Found 5 poisoned darts.
You hear the faint creaking of a portcullis nearby.
A howler monkey comes into view.
You open the door. You open the door.
There is an open door here.
You open the door. You open the door.
A gargoyle comes into view. It is wielding a +0 dire flail.
The gargoyle hurls a stone arrow at you.
The stone arrow hits you but does no damage.
Found 3 boomerangs.
The gargoyle hits you with a +0 dire flail.
There is an open door here.
You hit the gargoyle but do no damage.
The gargoyle hurls a stone arrow at you.
The stone arrow hits you! The gargoyle barely misses you.
You slash the gargoyle!
The gargoyle is severely damaged.
The gargoyle hits you but does no damage.
You slash the gargoyle!
You destroy the gargoyle!
Your Fighting skill increases to level 5!
Your Axes skill increases to level 4!
Your Armour skill increases to level 5!
You open the door.
A gargoyle comes into view. It is wielding a +0 morningstar.
Found 18 arrows.
The gargoyle completely misses you.
There is an open door here.
You barely miss the gargoyle. The gargoyle closely misses you.
The gargoyle hurls a stone arrow at you.
The stone arrow hits you!
You barely miss the gargoyle.
The gargoyle hits you with a +0 morningstar!
You barely miss the gargoyle.
The gargoyle hits you with a +0 morningstar!
* * * LOW HITPOINT WARNING * * *
You hit the gargoyle but do no damage.
The gargoyle hurls a stone arrow at you.
The stone arrow hits you!!
You die...

#.# #.# #.# #.# #.# #.#
..#####.# #.......#
#.####### #.# ## #.##
###9### #..# ##+.@##)#
##.# #+.....'###.# ##.#
#.......#8#.# ##.#
.##+.......'##.# ##.#
.#.##....8....##.# #.
##.# #..##+.......'##.#
#.. ##.####..#
#.......#8#.# #.#
##....#..###+.....'###.#
##.# #####.#...#
##...##8#..# ?..


You could see a gargoyle.

Vanquished Creatures
  A gargoyle (D:7)
  Prince Ribbit (D:5)
  An ice beast (D:5)
  A hornet zombie (D:6)
  An ogre (D:4)
  A centaur (D:6)
  A bullfrog (D:6)
  A water moccasin zombie (D:6)
  3 scorpions
  2 wyvern skeletons
  A jelly (D:6)
  A bullfrog zombie (D:6)
  A hound (D:4)
  A centaur zombie (D:7)
  Crazy Yiuf (D:2)
  A bullfrog skeleton (D:6)
  A howler monkey zombie (D:6)
  A gnoll (D:4)
  6 adders
  2 white imps
  An ufetubus (D:5)
  2 worms
  3 dart slugs
  5 orcs
  12 ball pythons
  8 endoplasms
  4 giant cockroaches
  4 goblins
  7 hobgoblins
  2 jackals (D:3)
  3 kobolds (D:1)
  2 quokkas
  3 bats
  3 frilled lizards (D:1)
  5 rats
93 creatures vanquished.

Vanquished Creatures (collateral kills)
  A gnoll shaman (D:4)
  A gnoll (D:4)
2 creatures vanquished.

Vanquished Creatures (others)
  A gnoll (D:4)
  An orc (D:5)
  4 plants
6 creatures vanquished.

Grand Total: 101 creatures vanquished

Notes
Turn   | Place    | Note
-------+----------+-------------------------------------------
     0 | D:1      | suse60 the Demigod Artificer began the quest for the Orb.
     0 | D:1      | Reached XP level 1. HP: 15/15 MP: 3/3
   134 | D:1      | Reached skill level 1 in Fighting
   232 | D:1      | Reached skill level 1 in Dodging
   498 | D:1      | Reached XP level 2. HP: 23/23 MP: 4/4
  1324 | D:2      | Found Gead Athihi's Book Shoppe.
  1341 | D:2      | Reached skill level 1 in Maces & Flails
  1517 | D:2      | Reached XP level 3. HP: 22/28 MP: 5/5
  2041 | D:2      | Found a runed translucent door.
  2042 | D:2      | Noticed Crazy Yiuf
  2350 | D:2      | Killed Crazy Yiuf
  2351 | D:2      | Reached XP level 4. HP: 6/36 MP: 4/6
  3343 | D:4      | Noticed an ogre
  3345 | D:4      | Killed an ogre
  3346 | D:4      | Reached skill level 1 in Axes
  3346 | D:4      | Reached XP level 5. HP: 42/42 MP: 7/7
  3825 | D:4      | Reached XP level 6. HP: 32/51 MP: 8/8
  4036 | D:4      | Found a staircase to the Ecumenical Temple.
  4168 | D:5      | Entered Level 5 of the Dungeon
  4227 | D:5      | Noticed Prince Ribbit
  4244 | D:5      | Killed Prince Ribbit
  4410 | D:5      | Reached XP level 7. HP: 35/57 MP: 9/9
  4865 | D:5      | Found Gecvoosch's Hydra Hut.
  4869 | D:5      | Noticed an eight-headed hydra
  4872 | D:5      | Bought a +0 battleaxe of flaming for 150 gold pieces
  5280 | D:6      | Identified the +3 war axe of the Poles {antimagic, rF+
                  | Str+2 Int+4}
  5477 | D:6      | Reached XP level 8. HP: 12/67 MP: 10/10
  6138 | D:7      | Noticed a gargoyle
  6142 | D:7      | Killed a gargoyle
  6143 | D:7      | Reached skill level 5 in Fighting
  6143 | D:7      | Reached skill level 5 in Armour
  6145 | D:7      | Noticed a gargoyle
  6149 | D:7      | Killed from afar by a gargoyle

Illustrated notes

Levels and vault maps discovered:
D:1:      matt_arrival_spirals, layout_basic, corner_web_ring,
          minmay_misc_feat_four_crosses, chequers_big_river
D:2:      layout_basic, serial_shops, nicolae_shop_crystal, minmay_pentomino_o2,
          uniq_crazy_yiuf_cottage
D:3:      layout_basic
D:4:      layout_basic, temple_hall
D:5:      layout_rooms, doesnt_shop_hydraphobe, uniq_prince_ribbit1
D:6:      layout_gridville
D:7:      cheibrodos_statue_roulette, layout_loops_ring, enter_bailey_8,
          minivault_4, serial_bayou_lagoon_b, uniq_duvessa

Skill      XL: |  1  2  3  4  5  6  7  8 |
---------------+-------------------------+-----
Fighting       | 1 2 3 4 5 |  5.0
Dodging        | 1 2 3 4 |  4.9
Armour         | 2 3 4 5 |  5.2
Maces & Flails | 1 |  1.7
Axes           | 1 2 3 4 |  4.3
Stealth        | |  0.8
Evocations     | |  2.6

Action                   |  1- 3 |  4- 6 |  7- 9 || total
-------------------------+-------+-------+-------++-------
Melee: Mace              |    89 |     1 |       ||    90
       Unarmed           |     4 |       |       ||     4
       Hand axe          |       |    99 |    33 ||   132
       Punch             |       |     2 |       ||     2
       Battleaxe         |       |       |    48 ||    48
       War axe           |       |       |    17 ||    17
Evoke: Wand              |       |    10 |     1 ||    11
  Use: Scroll            |     4 |     6 |       ||    10
 Stab: Sleeping          |     2 |     3 |       ||     5
       Distracted        |       |     1 |       ||     1
Armor: Leather armour    |    37 |    21 |       ||    58
       Scale mail        |       |     1 |    61 ||    62
Dodge: Dodged            |    42 |    69 |    59 ||   170
